AoeStats
← RagnarLothbrok

Oasis

509868857Analyzed
4v4 RM · 5d ago on Sep 28, 2026· 65m 18s· 8 players
Game mode
Random Map
Map size
Large (8 player)
Population
200
Speed
Normal
Resources
Standard
Victory
Conquest
Starting age
Dark Age
Ending age
Imperial Age
RankedLock teamsTeams togetherTeam positionsShared explorationLock speedFull tech treeHidden civsTurbo modeCheats
Victory
Defeat
🇹🇼 Burgundians · Taiwan
1396
+16
🇭🇰 Khmer · Hong Kong SAR China
1368
+17
🇨🇳 Persians · China
1366
+17
🇻🇳 Japanese · Vietnam
1365
+17
🇮🇳 Magyars · India
1422
-18
🇨🇭 Hindustanis · Switzerland
1405
-17
🇻🇪 Mongols · Venezuela
1372
-16
🇪🇸 Jurchens · Spain
1370
-16
lun
10:34 Feudal Age
9:28 Loom
9:33 Double-Bit Axe
9:30 Horse Collar
12:47 Bow Saw
16:06 Castle Age
15:03 Scale Barding Armor
15:05 Heavy Plow
15:59 Forging
17:40 Husbandry
17:01 Cavalier
21:52 Wheelbarrow
22:40 Chain Barding Armor
28:10 Two-Man Saw
27:28 Gold Mining
29:17 Iron Casting
30:56 Gold Shaft Mining
32:33 Crop Rotation
31:52 Loom
33:08 Hand Cart
32:52 Stone Mining
37:32 Imperial Age
35:27 Burgundian Vineyards
35:59 Fletching
37:35 Paladin
38:51 Plate Barding Armor
39:17 Blast Furnace
38:39 Conscription
38:59 Town Watch
39:53 Stone Shaft Mining
40:05 Guilds
39:55 Caravan
40:15 Town Patrol
41:24 Coinage
43:00 Banking
43:24 Treadmill Crane
44:46 Chemistry
44:07 Ballistics
43:43 Murder Holes
43:59 Masonry
44:37 Padded Archer Armor
44:33 Bodkin Arrow
44:38 Scale Mail Armor
44:00 Pikeman
44:40 Squires
44:27 Arson
45:32 Light Cavalry
47:30 Hussar
52:54 Architecture
La.Reina.de.Once
10:42 Feudal Age
14:08 Castle Age
12:55 Double-Bit Axe
16:04 Bow Saw
16:31 Horse Collar
19:33 Heavy Plow
26:20 Imperial Age
23:36 Loom
24:26 Wheelbarrow
23:36 Town Watch
23:49 Gold Mining
23:49 Stone Mining
23:49 Gold Mining
23:49 Stone Mining
23:55 Stone Mining
24:27 Gold Mining
24:29 Town Watch
26:04 Scale Barding Armor
26:20 Bloodlines
26:10 Husbandry
26:31 Hand Cart
27:31 Stone Shaft Mining
27:31 Gold Shaft Mining
28:49 Chain Barding Armor
29:57 Chemistry
29:18 Ballistics
30:22 Conscription
30:52 Crop Rotation
31:38 Plate Barding Armor
31:38 Double Crossbow
31:50 Elite Ballista Elephant
34:01 Hoardings
34:15 Town Patrol
34:15 Fletching
34:53 Siege Engineers
35:47 Forging
35:13 Light Cavalry
35:59 Hussar
38:40 Iron Casting
41:00 Blast Furnace
39:56 Bodkin Arrow
41:47 Masonry
41:32 Murder Holes
45:44 Architecture
61:48 Bracer
Melodies of Life
3:40 Loom
9:32 Feudal Age
10:40 Double-Bit Axe
10:36 Horse Collar
15:08 Town Watch
16:14 Wheelbarrow
19:12 Castle Age
17:40 Stone Mining
17:58 Gold Mining
18:45 Fletching
23:29 Scale Mail Armor
26:11 Chain Mail Armor
28:22 Hand Cart
35:27 Bow Saw
35:28 Heavy Plow
38:12 Imperial Age
37:14 Bodkin Arrow
40:08 Plate Mail Armor
39:50 Forging
40:02 Conscription
40:10 Pikeman
40:38 Halberdier
41:20 Squires
41:06 Arson
43:12 Iron Casting
43:05 Bracer
44:13 Yasama
45:49 Blast Furnace
45:42 Guard Tower
45:34 Treadmill Crane
47:36 Kataparuto
47:31 Masonry
50:31 Caravan
56:16 Ballistics
秦墨子
6:39 Loom
8:51 Feudal Age
8:34 Loom
12:49 Forging
15:45 Scale Barding Armor
19:51 Wheelbarrow
19:48 Horse Collar
20:07 Double-Bit Axe
22:44 Gold Mining
24:12 Fletching
24:26 Padded Archer Armor
26:35 Castle Age
24:54 Fletching
26:38 Elite Skirmisher
27:19 Bodkin Arrow
28:09 Gold Shaft Mining
28:06 Leather Archer Armor
28:08 Thumb Ring
27:52 Crossbowman
31:51 Hand Cart
32:56 Ballistics
36:01 Hand Cart
36:21 Heavy Plow
36:36 Bow Saw
38:14 Herbal Medicine
40:18 Town Watch
40:59 Kamandaran
43:11 Devotion
47:36 Imperial Age
49:50 Conscription
51:30 Chemistry
53:37 Masonry
55:49 Citadels
jose1998maria
5:03 Loom
5:25 Loom
11:52 Feudal Age
12:39 Double-Bit Axe
14:05 Fletching
14:07 Gold Mining
17:47 Wheelbarrow
17:04 Horse Collar
22:37 Castle Age
22:41 Crossbowman
23:23 Bodkin Arrow
24:05 Gold Shaft Mining
24:06 Heavy Plow
23:53 Town Watch
25:55 Ballistics
29:28 Padded Archer Armor
29:59 Stone Mining
38:12 Imperial Age
36:22 Hand Cart
39:28 Conscription
40:27 Crop Rotation
40:10 Bow Saw
40:38 Scale Barding Armor
40:44 Forging
40:35 Bracer
40:23 Elite Steppe Lancer
41:13 Bloodlines
41:04 Husbandry
41:47 Caravan
42:58 Chain Barding Armor
44:36 Two-Man Saw
44:28 Iron Casting
44:36 Coinage
45:46 Plate Barding Armor
47:45 Elite Iron Pagoda
50:52 Hoardings
51:30 Blast Furnace
52:20 Fortified Bastions
52:34 Masonry
53:26 Chemistry
54:20 Banking
54:01 Guilds
55:52 Light Cavalry
57:08 Hussar
61:00 Architecture
60:22 Guard Tower
62:30 Murder Holes
62:16 Treadmill Crane
64:13 Keep
63:31 Arrowslits
Ist_Geheim
5:08 Loom
9:10 Feudal Age
10:11 Double-Bit Axe
12:43 Horse Collar
19:15 Castle Age
17:24 Gold Mining
18:30 Fletching
19:45 Padded Archer Armor
20:15 Bow Saw
19:47 Crossbowman
21:35 Heavy Plow
22:01 Bodkin Arrow
23:54 Town Watch
24:47 Wheelbarrow
27:09 Ballistics
28:56 Stone Mining
30:09 Leather Archer Armor
30:31 Town Watch
31:42 Thumb Ring
35:41 Imperial Age
34:18 Scale Barding Armor
34:24 Forging
35:44 Masonry
36:03 Chain Barding Armor
36:44 Iron Casting
36:22 Bloodlines
36:13 Husbandry
36:40 Hand Cart
35:59 Heavy Camel Rider
41:35 Plate Barding Armor
42:02 Blast Furnace
41:38 Conscription
41:39 Light Cavalry
42:05 Imperial Camel Rider
43:21 Hussar
44:15 Caravan
48:00 Coinage
60:30 Ring Archer Armor
60:01 Bracer
60:21 Elite Skirmisher
63:46 Chemistry
RagnarLothbrok
0:38 Loom
6:11 Loom
6:23 Loom
8:26 Feudal Age
9:01 Double-Bit Axe
9:18 Horse Collar
15:45 Forging
18:06 Wheelbarrow
20:35 Castle Age
18:52 Stone Mining
19:01 Gold Mining
20:15 Fletching
20:37 Bloodlines
21:46 Bow Saw
22:27 Gold Shaft Mining
22:33 Stone Shaft Mining
30:10 Bodkin Arrow
31:47 Heavy Plow
33:29 Gold Shaft Mining
37:04 Imperial Age
37:05 Ballistics
37:26 Padded Archer Armor
37:32 Thumb Ring
38:49 Chemistry
37:55 Siege Engineers
37:12 Capped Ram
38:44 Bracer
39:00 Scale Barding Armor
39:30 Leather Archer Armor
40:36 Chain Barding Armor
41:11 Hand Cart
40:41 Town Watch
42:59 Siege Ram
44:01 Conscription
44:48 Masonry
45:06 Drill
45:24 Husbandry
45:58 Elite Mangudai
47:00 Caravan
46:47 Onager
48:48 Iron Casting
48:54 Hoardings
49:20 Heavy Scorpion
51:08 Siege Onager
56:06 Nomads
61:23 Parthian Tactics
64:22 Blast Furnace
Crippling Depression
10:10 Feudal Age
9:00 Loom
12:50 Wheelbarrow
15:25 Castle Age
13:19 Double-Bit Axe
13:58 Horse Collar
21:35 Heavy Plow
21:52 Bow Saw
22:50 Hand Cart
23:55 Scale Barding Armor
25:41 Heavy Plow
26:42 Husbandry
28:14 Bloodlines
29:33 Chain Barding Armor
29:38 Gold Mining
35:09 Imperial Age
35:11 Onager
35:16 Cavalier
37:22 Gold Shaft Mining
36:45 Paladin
38:15 Plate Barding Armor
38:53 Siege Engineers
39:34 Capped Ram
43:34 Light Cavalry
45:25 Caravan
45:52 Hussar
49:28 Two-Man Saw
Connection lost

Rejoining the realm…

Still unreachable

The connection could not be restored.

Session expired

The server has moved on; the page needs a fresh start.